 Dungeon Crawl Stone Soup version 0.19.0 (webtiles) character file.

11606 Eucla the Magus (level 11, -1/153 HPs)
             Began as a Hill Orc Monk on Nov 19, 2016.
             Was an Elder of Nemelex Xobeh.
             Slain by a red ugly thing (18 damage)
             ... on level 11 of the Dungeon.
             The game lasted 00:22:05 (9809 turns).

Eucla the Magus (Hill Orc Monk)                     Turns: 9809, Time: 00:22:06

Health: -1/153     AC: 25    Str: 16    XL:     11   Next: 80%
Magic:  21/21      EV:  2    Int: 13    God:    Nemelex Xobeh [****..]
Gold:   279        SH:  0    Dex: 15    Spells: 0 memorised, 10 levels left

rFire  . . .     SeeInvis .     X - +7 executioner's axe of Abomination {vamp, rPois rC+}
rCold  + . .     Gourm    .     (armour currently unavailable)
rNeg   + + +     Faith    .     (shield currently unavailable)
rPois  +         Spirit   .     (helmet currently unavailable)
rElec  .         Reflect  .     (cloak currently unavailable)
rCorr  .         Harm     .     (gloves currently unavailable)
MR     .....     NoTele   +     (boots currently unavailable)
Stlth  ++........               G - amulet of regeneration
                                N - ring of stealth
                                i - +3 ring of intelligence

@: confused, tree-form, very slightly contaminated, hasted, very quick
A: no striking features
a: Triple Draw, Deal Four, Renounce Religion


You were on level 11 of the Dungeon.
You worshipped Nemelex Xobeh.
Nemelex Xobeh was greatly pleased with you.
You were not hungry.
You were a tree.
You visited 1 branch of the dungeon, and saw 11 of its levels.

You collected 653 gold pieces.
You spent 374 gold pieces at shops.

Inventory:

Hand Weapons
 E - a +1 war axe
 W - a +2 battleaxe of freezing
 X - the +7 executioner's axe of Abomination (weapon) {vamp, rPois rC+}
   (You acquired it on level 11 of the Dungeon)

   It inflicts no extra harm, but heals its wielder when it wounds a living foe.
   It protects you from cold.
   It protects you from poison.
Armour
 q - a +1 cloak (melded)
 s - the +0 pair of gloves of the Griffon (melded) {*Corrode *Slow Regen+ Str+9}
   (You bought it in a shop on level 7 of the Dungeon)

   It affects your strength (+9).
   It increases your rate of regeneration.
   It may corrode you when you take damage.
   It may slow you when you take damage.
 y - a +0 scale mail of cold resistance (melded)
 M - a +1 pair of gloves
Jewellery
 i - a +3 ring of intelligence (left branch)
 r - an uncursed ring of flight
 C - an uncursed amulet of guardian spirit {unknown}
 G - an amulet of regeneration (around neck)
 N - a ring of stealth (right branch)
 P - an uncursed ring of wizardry {unknown}
Wands
 a - a wand of lightning (13/15)
 b - a wand of polymorph (5/24)
 t - a wand of paralysis (3/24)
 D - a wand of digging (16/24)
 F - a wand of flame (28/48)
 R - a wand of iceblast (6/15)
Scrolls
 d - 4 scrolls of amnesia
 m - 2 scrolls of enchant armour
 B - 2 scrolls of fog
 L - a scroll of identify
 S - a scroll of vulnerability {unknown}
Potions
 e - 2 potions of flight
 j - 5 potions of agility
 k - a potion of magic
 l - 4 potions of lignification
 u - 3 potions of might
 w - 3 potions of haste
 z - 3 potions of cancellation
 A - 3 potions of curing
 J - a potion of beneficial mutation {unknown}
 U - a potion of mutation {unknown}
 V - a potion of degeneration {unknown}
Miscellaneous
 h - a plain deck of escape {drawn: 5}
 n - a plain deck of escape
 o - a plain deck of escape
 p - a plain deck of escape
 x - a plain deck of escape
 K - a plain deck of destruction
 O - a phial of floods (inert)
Comestibles
 c - 9 bread rations
 g - 5 meat rations
 Q - 21 fruits
 T - a beef jerky
 Y - a slice of pizza


   Skills:
 + Level 11.1 Fighting
 + Level 14.3 Axes
 - Level 1.0 Armour
 - Level 2.4 Dodging
 - Level 1.5 Stealth
 * Level 14.4 Invocations


You had 10 spell levels left.
You didn't know any spells.

Dungeon Overview and Level Annotations

Branches:
Dungeon (11/15)            Temple (0/1) D:7            Lair (0/6) D:10
    Orc (0/2) D:9

Altars:
Cheibriados
Elyvilon
Nemelex Xobeh
Qazlal
Ru
Sif Muna
Uskayaw
Xom
The Shining One

Shops:
D:4 !*=   D:7 [


Message History

Unknown command.
The red ugly thing looks more healthy.
The red ugly thing stings you but does no damage.
Unknown command.
The red ugly thing stings you but does no damage.
Unknown command.
The red ugly thing stings you but does no damage.
Unknown command.
Unknown command.
The red ugly thing stings you.
* * * LOW HITPOINT WARNING * * *
You are engulfed in flames!!
* * * LOW HITPOINT WARNING * * *
Unknown command.
Unknown command.
The red ugly thing stings you.
* * * LOW HITPOINT WARNING * * *
You are engulfed in flames!!
You die...
Your body glows with a rainbow of weird colours and disappears.

#....##.######### #....##'####..#
########.............#
#....................#.........
+...........)[)......#.........
#...........)))......#.........
#.....########D#######.........
#.....##....##u##....#........#
#.....#......#♣#.....#........#
#.....#......###.....#........#
##.....#......#.......#..).....#
#......##....##########.)......#
#......##....#..........(#######
#......††....#...........#.....#
#............#<..........#.....#
######'###....#...........'.....#
.........#....#.....<.....#.....#


You could see a five-headed hydra and a red ugly thing.

Vanquished Creatures
  A centaur warrior (D:11)
  Erica (D:8)
  A tengu warrior (D:10)
  3 hill giants (D:11)
  Joseph (D:7)
  A gargoyle (D:11)
  Psyche (D:10)
  A troll (D:11)
  Prince Ribbit (D:7)
  A hippogriff (D:7)
  Sigmund (D:4)
  9 yaks
  Grum (D:8)
  A water moccasin (D:8)
  A black bear (D:11)
  Duvessa (D:7)
  2 orc warriors
  A necrophage (D:11)
  2 ogres
  2 phantoms
  4 wolves (D:8)
  2 centaurs
  3 big kobolds (D:8)
  4 bullfrogs
  A wyvern zombie (D:10)
  Dowan (D:7)
  2 scorpions
  2 bullfrog zombies
  4 crimson imps
  A centaur zombie (D:10)
  A gnoll shaman (D:10)
  2 orc priests
  2 bullfrog skeletons
  5 hounds
  2 jellies
  An orc wizard (D:8)
  4 centaur skeletons
  Jessica (D:2)
  2 iguanas (D:10)
  8 worker ants
  A hound skeleton (D:8)
  A mummy (D:9)
  A howler monkey zombie (D:5)
  A worker ant zombie (D:9)
  5 gnolls
  10 adders
  A shadow imp (D:8)
  A white imp (D:5)
  An ooze (D:4)
  An adder skeleton (D:5)
  6 worms
  2 dart slugs (D:1)
  7 leopard geckos
  16 orcs
  6 giant cockroaches
  10 goblins
  8 hobgoblins
  13 jackals
  12 kobolds
  6 quokkas
  8 bats
  8 frilled lizards
  2 goblin zombies (D:5)
  3 hobgoblin zombies (D:5)
  An orc skeleton (D:5)
  An orc zombie (D:5)
  3 rats
220 creatures vanquished.

Vanquished Creatures (collateral kills)
  Fannar (D:11)
  A hydra (D:10)
  Nergalle (D:10)
  Pikel (D:5)
  An ugly thing (D:10)
  Grinder (D:5)
  Edmund (D:4)
  A slave (D:5)
  An ogre (D:4)
  A centaur (D:6)
  A scorpion (D:4)
  A quasit (D:6)
  An orc wizard (D:4)
  An orc priest (D:4)
  2 worker ants (D:4)
  A gnoll (D:7)
  A quokka (D:4)
  An orc zombie (D:5)
19 creatures vanquished.

Vanquished Creatures (others)
  A slave (D:5)
  Blork the orc (D:7)
  An orc priest (D:5)
  2 worker ants (D:5)
  3 gnolls (D:7)
  A leopard gecko (D:5)
9 creatures vanquished.

Grand Total: 248 creatures vanquished

Notes
Turn   | Place    | Note
-------+----------+-------------------------------------------
     0 | D:1      | Eucla the Hill Orc Monk began the quest for the Orb.
     0 | D:1      | Reached XP level 1. HP: 19/19 MP: 1/1
    69 | D:1      | Reached XP level 2. HP: 17/27 MP: 2/2
   272 | D:1      | Reached skill level 5 in Axes
   562 | D:1      | Reached XP level 3. HP: 33/33 MP: 3/3
  1342 | D:2      | Reached XP level 4. HP: 15/40 MP: 4/4
  1380 | D:2      | Found a sparkling altar of Nemelex Xobeh.
  1393 | D:2      | Noticed Jessica
  1403 | D:2      | Killed Jessica
  1408 | D:2      | Became a worshipper of Nemelex Xobeh the Trickster
  1408 | D:2      | Received a gift from Nemelex Xobeh
  1408 | D:2      | Reached * piety under Nemelex Xobeh
  1408 | D:2      | Received a gift from Nemelex Xobeh
  1408 | D:2      | Reached ** piety under Nemelex Xobeh
  1855 | D:2      | Reached skill level 1 in Armour
  1941 | D:2      | Reached XP level 5. HP: 44/46 MP: 5/5
  2526 | D:3      | Received a gift from Nemelex Xobeh
  3055 | D:4      | Reached skill level 1 in Invocations
  3081 | D:4      | Noticed an ogre
  3092 | D:4      | Killed an ogre
  3092 | D:4      | Reached XP level 6. HP: 15/55 MP: 7/7
  3356 | D:4      | Noticed Sigmund
  3407 | D:4      | Killed Sigmund
  3407 | D:4      | Reached skill level 5 in Fighting
  3413 | D:4      | Found Hoyqaek's General Store.
  3428 | D:4      | Found Wesiet's Weapon Boutique.
  3454 | D:4      | Found Zext's Jewellery Emporium.
  3479 | D:4      | Noticed Edmund
  3488 | D:4      | Noticed a red devil
  3503 | D:4      | Killed Edmund
  3503 | D:4      | Reached XP level 7. HP: 40/61 MP: 7/9
  3559 | D:4      | Found Boalleul's Distillery.
  3861 | D:4      | Found a stormy altar of Qazlal.
  3916 | D:4      | Bought a potion of heal wounds for 60 gold pieces
  3916 | D:4      | Bought a potion of ambrosia for 96 gold pieces
  3940 | D:5      | Entered Level 5 of the Dungeon
  3973 | D:5      | Reached *** piety under Nemelex Xobeh
  4028 | D:5      | Found a glowing golden altar of the Shining One.
  4058 | D:5      | Noticed Grinder
  4076 | D:5      | Paralysed by Grinder for 3 turns
  4080 | D:5      | Killed Grinder
  4274 | D:5      | Noticed Pikel
  4314 | D:5      | Killed Pikel
  4314 | D:5      | Reached skill level 10 in Axes
  4314 | D:5      | Reached XP level 8. HP: 10/71 MP: 11/11
  5065 | D:5      | Found a white marble altar of Elyvilon.
  5065 | D:5      | Found a hide-covered altar of Uskayaw.
  5270 | D:6      | Reached skill level 5 in Invocations
  5340 | D:6      | Found a sacrificial altar of Ru.
  5742 | D:7      | Noticed a hippogriff
  5756 | D:7      | Killed a hippogriff
  5756 | D:7      | Reached XP level 9. HP: 52/79 MP: 12/14
  5788 | D:7      | Received a gift from Nemelex Xobeh
  5803 | D:7      | Noticed Joseph
  5822 | D:7      | Killed Joseph
  6016 | D:7      | Noticed Blork the orc
  6022 | D:7      | Found a deep blue altar of Sif Muna.
  6130 | D:7      | Noticed Prince Ribbit
  6142 | D:7      | Killed Prince Ribbit
  6227 | D:7      | Noticed Duvessa
  6227 | D:7      | Noticed Dowan
  6238 | D:7      | Killed Duvessa
  6244 | D:7      | Killed Dowan
  6314 | D:7      | Found Huhaca's Antique Armour Boutique.
  6407 | D:7      | Received a gift from Nemelex Xobeh
  6573 | D:7      | Found a staircase to the Ecumenical Temple.
  6574 | D:7      | Found a hide-covered altar of Uskayaw.
  6683 | D:7      | Reached **** piety under Nemelex Xobeh
  6945 | D:7      | Killed Blork the orc
  7109 | D:7      | Bought a pair of polished gloves for 218 gold pieces
  7119 | D:7      | Identified the +0 pair of gloves of the Griffon {*Corrode *Slow Regen+ Str+9} (You bought it in a shop on level 7 of the Dungeon)
  7338 | D:8      | Received a gift from Nemelex Xobeh
  7350 | D:8      | Noticed Erica
  7369 | D:8      | Killed Erica
  7369 | D:8      | Reached skill level 10 in Invocations
  7369 | D:8      | Reached XP level 10. HP: 82/91 MP: 17/17
  7463 | D:8      | Found a shimmering altar of Xom.
  7464 | D:8      | Noticed Grum
  7471 | D:8      | You fall through a shaft for 2 floors!
  7471 | D:10     | Entered Level 10 of the Dungeon
  7790 | D:9      | Received a gift from Nemelex Xobeh
  7838 | D:9      | Found a staircase to the Orcish Mines.
  8025 | D:9      | Found a snail-covered altar of Cheibriados.
  8324 | D:8      | Killed Grum
  8836 | D:10     | Noticed Nergalle
  8836 | D:10     | Noticed a cyan ugly thing
  8865 | D:10     | Killed a cyan ugly thing
  8865 | D:10     | Reached skill level 10 in Fighting
  8883 | D:10     | Killed Nergalle
  8972 | D:10     | Found a staircase to the Lair.
  9034 | D:10     | Reached XP level 11. HP: 99/99 MP: 20/20
  9060 | D:10     | Noticed Psyche
  9070 | D:10     | Killed Psyche
  9231 | D:10     | Noticed a tengu warrior
  9248 | D:10     | Killed a tengu warrior
  9293 | D:10     | Noticed a four-headed hydra
  9298 | D:10     | Killed a four-headed hydra
  9366 | D:11     | Noticed a hill giant
  9367 | D:11     | Noticed Fannar
  9378 | D:11     | Killed a hill giant
  9383 | D:11     | Killed Fannar
  9396 | D:11     | Received a gift from Nemelex Xobeh
  9438 | D:11     | Noticed a hill giant
  9447 | D:11     | Killed a hill giant
  9518 | D:11     | Identified a scroll of acquirement
  9521 | D:11     | Got an ichor-stained executioner's axe
  9526 | D:11     | Identified the +7 executioner's axe of Abomination {vamp, rPois rC+} (You acquired it on level 11 of the Dungeon)
  9537 | D:11     | Noticed a hill giant
  9538 | D:11     | Noticed a centaur warrior
  9541 | D:11     | Killed a hill giant
  9547 | D:11     | Killed a centaur warrior
  9767 | D:11     | Noticed a red ugly thing
  9767 | D:11     | Noticed a four-headed hydra
  9770 | D:11     | HP: 5/102 [red ugly thing (23)]
  9809 | D:11     | Slain by a red ugly thing

Skill      XL: |  1  2  3  4  5  6  7  8  9 10 11 |
---------------+----------------------------------+-----
Axes           | 5 6 7 8 10 11 12 13 14 | 14.3
Fighting       | 4 5 6 7 9 10 11 | 11.1
Armour         | 1 |  1.0
Invocations    | 1 2 4 6 10 12 14 | 14.4
Dodging        | |  2.4
Stealth        | |  1.5

Action                   |  1- 3 |  4- 6 |  7- 9 | 10-12 || total
-------------------------+-------+-------+-------+-------++-------
Melee: Hand axe          |   167 |   216 |    15 |       ||   398
       War axe           |       |       |   341 |   218 ||   559
       Executioner's axe |       |       |       |    42 ||    42
       Battleaxe         |       |       |       |    24 ||    24
Evoke: Deck              |       |     4 |     8 |     9 ||    21
       Wand              |       |       |     1 |       ||     1
       Phial of floods   |       |       |       |     1 ||     1
  Use: Potion            |       |       |     1 |     5 ||     6
       Scroll            |       |       |    17 |     5 ||    22
 Stab: Sleeping          |     1 |       |       |     1 ||     2
       Petrified         |       |       |     3 |       ||     3
       Distracted        |       |       |       |     1 ||     1
  Eat: Chunk             |     2 |     4 |       |     6 ||    12
       Meat ration       |       |     1 |     2 |     1 ||     4
       Beef jerky        |       |     1 |       |     1 ||     2
Armor: Robe              |     6 |       |       |       ||     6
       Scale mail        |    31 |    30 |   145 |   107 ||   313
       Chain mail        |       |   113 |       |       ||   113
       Skin              |       |       |       |     5 ||     5
Dodge: Dodged            |    80 |   113 |   179 |   146 ||   518
